TOP OF THE 1ST |
Victoria Capitals batting - Pitching for Houston Colt .45's : LHP Rod Somerville
|
Pitching: LHP Rod Somerville
|
|
Batting: RHB Joaquin Salazar
|
0-0: Called Strike 0-1: Ball 1-1: Foul Ball, location: 2F 1-2: Strikes out looking
|
Batting: LHB Chris Jackson
|
0-0: Ball 1-0: Called Strike 1-1: Called Strike 1-2: Ball 2-2: Ball 3-2: Foul Ball, location: 2F 3-2: Base on Balls
|
Batting: RHB Chris Skaff
|
0-0: Foul Ball, location: 2F 0-1: Foul Ball, location: 2F 0-2: Ball 1-2: Foul Ball, location: 2F 1-2: Ball 2-2: Fly out, F9 (Flyball, 9, EV 86.2 MPH)
|
Batting: RHB Jose Zuniga
|
0-0: Called Strike Pickoff Play to 1st, Runner tries for 2nd, OUT after rundown.
|
Top of the 1st over - 0 runs, 0 hits, 0 errors, 0 left on base; Victoria 0 - Houston 0 |
BOTTOM OF THE 1ST |
Houston Colt .45's batting - Pitching for Victoria Capitals : RHP Devon Washington
|
Pitching: RHP Devon Washington
|
|
Batting: RHB Daniel Pena
|
0-0: Called Strike 0-1: Foul Ball, location: 2F 0-2: Strikes out swinging
|
Batting: LHB Bruce Arvizu
|
0-0: Called Strike 0-1: Swinging Strike 0-2: Strikes out swinging
|
Batting: RHB Jason Monico
|
0-0: Called Strike 0-1: Called Strike 0-2: Strikes out swinging
|
Bottom of the 1st over - 0 runs, 0 hits, 0 errors, 0 left on base; Victoria 0 - Houston 0 |
TOP OF THE 2ND |
Victoria Capitals batting - Pitching for Houston Colt .45's : LHP Rod Somerville
|
Batting: RHB Jose Zuniga
|
0-0: Foul Ball, location: 2F 0-1: Ball 1-1: Ball 2-1: Swinging Strike 2-2: Foul Ball, location: 2F 2-2: Ball 3-2: SINGLE (Groundball, 6, EV 94.4 MPH)
|
Batting: LHB William Gonzales
|
0-0: Swinging Strike 0-1: Ball 1-1: Called Strike 1-2: Ball 2-2: Foul Ball, location: 2F 2-2: Strikes out swinging
|
Batting: RHB Victor Ramirez
|
0-0: Ball Wild Pitch! Jose Zuniga to second 1-0: Ball 2-0: Called Strike 2-1: Ball 3-1: Base on Balls
|
Batting: RHB Ricky Ramirez
|
0-0: Ball 1-0: Foul Ball, location: 2F 1-1: Ball 2-1: Ball 3-1: Base on Balls Jose Zuniga to third Victor Ramirez to second
|
Batting: RHB Eddie Luna
|
0-0: Called Strike 0-1: Fly out, F8 (Flyball, 8LM, EV 80.6 MPH)
|
Batting: RHB Ziven Badersky
|
0-0: Called Strike 0-1: Foul Ball, location: 2F 0-2: Strikes out swinging
|
Top of the 2nd over - 0 runs, 1 hit, 0 errors, 3 left on base; Victoria 0 - Houston 0 |
BOTTOM OF THE 2ND |
Houston Colt .45's batting - Pitching for Victoria Capitals : RHP Devon Washington
|
Batting: RHB Jarno van Lente
|
0-0: Swinging Strike 0-1: Swinging Strike 0-2: Strikes out looking
|
Batting: LHB Bob Govella
|
0-0: Ball 1-0: Ball 2-0: Ball 3-0: Swinging Strike 3-1: Foul Ball, location: 2F 3-2: Strikes out swinging
|
Batting: SHB Terciero Ortiz
|
0-0: Ball 1-0: Ball 2-0: Called Strike 2-1: Swinging Strike 2-2: Ball 3-2: Strikes out looking
|
Bottom of the 2nd over - 0 runs, 0 hits, 0 errors, 0 left on base; Victoria 0 - Houston 0 |
TOP OF THE 3RD |
Victoria Capitals batting - Pitching for Houston Colt .45's : LHP Rod Somerville
|
Batting: RHB Joaquin Salazar
|
0-0: SINGLE (Groundball, 13S, EV 74.4 MPH) (infield hit)
|
Batting: LHB Chris Jackson
|
0-0: Called Strike Joaquin Salazar steals 2nd, throwing error, E2 Joaquin Salazar to third 0-1: Called Strike 0-2: Ball 1-2: Strikes out swinging
|
Batting: RHB Chris Skaff
|
0-0: Ball 1-0: Foul Ball, location: 2F 1-1: Ball 2-1: Foul Ball, location: 2F 2-2: Foul Ball, location: 2F 2-2: DOUBLE (Line Drive, 89D, EV 101.9 MPH) Joaquin Salazar scores
|
Batting: RHB Jose Zuniga
|
0-0: Ball 1-0: Called Strike 1-1: Ball 2-1: Foul Ball, location: 2F 2-2: Ball 3-2: Foul Ball, location: 2F 3-2: Foul Ball, location: 2F 3-2: Strikes out looking
|
Batting: LHB William Gonzales
|
0-0: Called Strike 0-1: Ball 1-1: Ball 2-1: Fly out, F9 (Flyball, 9, EV 76.9 MPH)
|
Top of the 3rd over - 1 run, 2 hits, 1 error, 1 left on base; Victoria 1 - Houston 0 |
BOTTOM OF THE 3RD |
Houston Colt .45's batting - Pitching for Victoria Capitals : RHP Devon Washington
|
Batting: RHB John Moore
|
0-0: Fly out, F4 (Popup, 4M, EV 65.0 MPH)
|
Batting: RHB Patrick Pinault
|
0-0: Called Strike 0-1: Ball 1-1: Ball 2-1: Called Strike 2-2: Ball 3-2: Foul Ball, location: 2F 3-2: Fly out, F7 (Flyball, 7S, EV 91.9 MPH)
|
Batting: LHB Ryan Fridley
|
0-0: SINGLE (Line Drive, 78S, EV 106.9 MPH)
|
Batting: RHB Daniel Pena
|
0-0: Called Strike 0-1: Swinging Strike 0-2: Fly out, F7 (Flyball, 7, EV 86.9 MPH)
|
Bottom of the 3rd over - 0 runs, 1 hit, 0 errors, 1 left on base; Victoria 1 - Houston 0 |
TOP OF THE 4TH |
Victoria Capitals batting - Pitching for Houston Colt .45's : LHP Rod Somerville
|
Batting: RHB Victor Ramirez
|
0-0: Called Strike 0-1: Called Strike 0-2: Ball 1-2: Ball 2-2: Strikes out swinging
|
Batting: RHB Ricky Ramirez
|
0-0: Called Strike 0-1: Ball 1-1: Ball 2-1: Swinging Strike 2-2: Ball 3-2: Foul Ball, location: 2F 3-2: Base on Balls
|
Pitching: RHP Tim Evans
|
|
Batting: RHB Eddie Luna
|
0-0: Called Strike 0-1: Ball 1-1: Ball 2-1: Ball Passed Ball! Ricky Ramirez to second 3-1: Base on Balls
|
Batting: RHB Ziven Badersky
|
0-0: Ball 1-0: Called Strike 1-1: Ball 2-1: Called Strike 2-2: Foul Ball, location: 2F 2-2: Strikes out looking
|
Batting: RHB Joaquin Salazar
|
0-0: Ball 1-0: Foul Ball, location: 2F 1-1: Ball 2-1: Foul Ball, location: 2F 2-2: Strikes out swinging
|
Top of the 4th over - 0 runs, 0 hits, 0 errors, 2 left on base; Victoria 1 - Houston 0 |
BOTTOM OF THE 4TH |
Houston Colt .45's batting - Pitching for Victoria Capitals : RHP Devon Washington
|
Batting: LHB Bruce Arvizu
|
0-0: Ball 1-0: Foul Ball, location: 2F 1-1: Foul Ball, location: 2F 1-2: Ball 2-2: Ball 3-2: Foul Ball, location: 2F 3-2: Foul Ball, location: 2F 3-2: SINGLE (Groundball, 34D, EV 106.2 MPH)
|
Batting: RHB Jason Monico
|
0-0: Ball 1-0: Called Strike 1-1: Ball 2-1: Ball 3-1: Base on Balls Bruce Arvizu to second
|
Batting: RHB Jarno van Lente
|
0-0: Ball 1-0: Swinging Strike 1-1: Foul Ball, location: 2F 1-2: Ball 2-2: Strikes out swinging
|
Batting: LHB Bob Govella
|
0-0: Fly out, F7 (Flyball, 7D, EV 103.8 MPH) Runner from 2nd tags up, SAFE at 3rd, no throw by LF
|
Batting: SHB Terciero Ortiz
|
0-0: Ball 1-0: Ball 2-0: Ball 3-0: Base on Balls Jason Monico to second
|
Batting: RHB John Moore
|
0-0: SINGLE (Groundball, 34D, EV 98.1 MPH) Bruce Arvizu scores Jason Monico to third Terciero Ortiz to second Runner from 3rd tries for Home, throw by RF and OUT! 9-2
|
Bottom of the 4th over - 1 run, 2 hits, 0 errors, 2 left on base; Victoria 1 - Houston 1 |
TOP OF THE 5TH |
Victoria Capitals batting - Pitching for Houston Colt .45's : RHP Tim Evans
|
Batting: LHB Chris Jackson
|
0-0: Ball 1-0: Ball 2-0: Ball 3-0: Base on Balls
|
Batting: RHB Chris Skaff
|
0-0: Ball 1-0: Called Strike Chris Jackson steals 2nd base 1-1: Ball 2-1: Ground out 5-3 (Groundball, 56S, EV 90.0 MPH)
|
Pitching: LHP Bernard Grose
|
|
Batting: RHB Jose Zuniga
|
0-0: Called Strike 0-1: SINGLE (Groundball, 34, EV 102.5 MPH) Chris Jackson to third Runner from 3rd tries for Home, SAFE, throw by RF to home Jose Zuniga to second
|
Batting: LHB William Gonzales
|
0-0: Ball 1-0: Called Strike 1-1: Ground out U3 (Groundball, 34S, EV 88.1 MPH) Jose Zuniga to third
|
Batting: RHB Victor Ramirez
|
0-0: Ball 1-0: Swinging Strike Passed Ball! Jose Zuniga scores 1-1: Ball 2-1: SINGLE (Line Drive, 6M, EV 105.6 MPH)
|
Batting: RHB Ricky Ramirez
|
0-0: Called Strike 0-1: Called Strike 0-2: Foul Ball, location: 2F 0-2: Fielders Choice at 2nd, 6-4 (Groundball, 6, EV 85.6 MPH)
|
Top of the 5th over - 2 runs, 2 hits, 0 errors, 1 left on base; Victoria 3 - Houston 1 |
BOTTOM OF THE 5TH |
Houston Colt .45's batting - Pitching for Victoria Capitals : RHP Devon Washington
|
Batting: RHB Patrick Pinault
|
0-0: Called Strike 0-1: Called Strike 0-2: Ball 1-2: Strikes out swinging
|
Batting: LHB Ryan Fridley
|
0-0: Ball 1-0: Ball 2-0: Called Strike 2-1: Ball 3-1: Foul Ball, location: 2F 3-2: Strikes out swinging
|
Batting: RHB Daniel Pena
|
0-0: Ball 1-0: Ball 2-0: Called Strike 2-1: Ball 3-1: Foul Ball, location: 2F 3-2: Fly out, F7 (Flyball, 7, EV 80.6 MPH)
|
Bottom of the 5th over - 0 runs, 0 hits, 0 errors, 0 left on base; Victoria 3 - Houston 1 |
TOP OF THE 6TH |
Victoria Capitals batting - Pitching for Houston Colt .45's : LHP Bernard Grose
|
Batting: RHB Eddie Luna
|
0-0: Ball 1-0: DOUBLE (Line Drive, 89M, EV 95.0 MPH) - OUT at third base trying to stretch hit.
|
Batting: RHB Ziven Badersky
|
0-0: SINGLE (Groundball, 4MD, EV 96.2 MPH)
|
Batting: RHB Joaquin Salazar
|
0-0: Ball 1-0: Grounds into double play, 6-4-3 (Groundball, 6, EV 107.5 MPH)
|
Top of the 6th over - 0 runs, 2 hits, 0 errors, 0 left on base; Victoria 3 - Houston 1 |
BOTTOM OF THE 6TH |
Houston Colt .45's batting - Pitching for Victoria Capitals : RHP Devon Washington
|
Batting: LHB Bruce Arvizu
|
0-0: Ball 1-0: Fly out, F7 (Flyball, 78M, EV 90.6 MPH)
|
Batting: RHB Jason Monico
|
0-0: Ball 1-0: Foul Ball, location: 2F 1-1: Swinging Strike 1-2: Strikes out looking
|
Batting: RHB Jarno van Lente
|
0-0: Called Strike 0-1: Fly out, F3 (Popup, 34, EV 69.4 MPH)
|
Bottom of the 6th over - 0 runs, 0 hits, 0 errors, 0 left on base; Victoria 3 - Houston 1 |
TOP OF THE 7TH |
Victoria Capitals batting - Pitching for Houston Colt .45's : LHP Bernard Grose
|
Pitching: RHP Vinny Salazar
|
|
Batting: LHB Chris Jackson
|
0-0: Ball 1-0: Ball 2-0: Ball 3-0: Called Strike 3-1: Base on Balls
|
Batting: RHB Chris Skaff
|
0-0: Ball Chris Jackson steals 2nd base 1-0: Called Strike 1-1: Foul Ball, location: 2F 1-2: Ball Passed Ball! Chris Jackson to third 2-2: Ball Wild Pitch! Chris Jackson scores 3-2: Base on Balls
|
Batting: RHB Jose Zuniga
|
0-0: Ball 1-0: Foul Ball, location: 2F 1-1: DOUBLE (Line Drive, 8LXD, EV 99.4 MPH) Chris Skaff to third
|
Batting: LHB William Gonzales
|
0-0: Called Strike 0-1: Swinging Strike Passed Ball! Chris Skaff scores Jose Zuniga to third 0-2: Ball Passed Ball! Jose Zuniga scores 1-2: Ball 2-2: Strikes out swinging
|
Batting: RHB Victor Ramirez
|
0-0: Ball 1-0: Ball 2-0: Ball 3-0: Called Strike 3-1: Called Strike 3-2: Base on Balls
|
Batting: RHB Ricky Ramirez
|
0-0: Called Strike Victor Ramirez steals 2nd base 0-1: 2-RUN HOME RUN (Line Drive, 9LD, EV 96.9 MPH), Distance : 350 ft
|
Batting: RHB Eddie Luna
|
0-0: Ground out 1-3 (Groundball, 34S, EV 67.5 MPH)
|
Batting: RHB Ziven Badersky
|
0-0: Called Strike 0-1: Ball 1-1: Called Strike 1-2: Ball 2-2: Foul Ball, location: 2F 2-2: Ball 3-2: Strikes out swinging
|
Top of the 7th over - 5 runs, 2 hits, 0 errors, 0 left on base; Victoria 8 - Houston 1 |
BOTTOM OF THE 7TH |
Houston Colt .45's batting - Pitching for Victoria Capitals : RHP Devon Washington
|
Batting: LHB Bob Govella
|
0-0: Fly out, F9 (Flyball, 9D, EV 104.4 MPH)
|
Batting: SHB Terciero Ortiz
|
0-0: Called Strike 0-1: Hit by Pitch
|
Batting: RHB John Moore
|
0-0: Called Strike 0-1: Swinging Strike 0-2: Strikes out swinging
|
Batting: RHB Patrick Pinault
|
0-0: Ball 1-0: Called Strike 1-1: Ball 2-1: Ball 3-1: Foul Ball, location: 2F 3-2: Base on Balls Terciero Ortiz to second
|
Batting: LHB Ryan Fridley
|
0-0: Ball 1-0: Foul Ball, location: 2F 1-1: Foul Ball, location: 2F 1-2: Ball 2-2: Strikes out swinging
|
Bottom of the 7th over - 0 runs, 0 hits, 0 errors, 2 left on base; Victoria 8 - Houston 1 |
TOP OF THE 8TH |
Victoria Capitals batting - Pitching for Houston Colt .45's : RHP Vinny Salazar
|
Pinch Hitting: LHB Ryan Daniels
|
0-0: Foul Ball, location: 2F 0-1: Ball 1-1: Called Strike 1-2: Ball 2-2: Foul Ball, location: 2F 2-2: Foul Ball, location: 2F 2-2: Foul Ball, location: 2F 2-2: Ball 3-2: Base on Balls
|
Batting: LHB Chris Jackson
|
0-0: Ball Ryan Daniels steals 2nd base 1-0: Ball 2-0: Called Strike 2-1: Ball 3-1: Called Strike 3-2: Fly out, F7 (Line Drive, 7, EV 91.2 MPH)
|
Batting: RHB Chris Skaff
|
0-0: Ball 1-0: Foul Ball, location: 2F 1-1: DOUBLE (Flyball, 8RXD, EV 100.6 MPH) Ryan Daniels scores
|
Batting: RHB Jose Zuniga
|
0-0: Called Strike 0-1: Ball 1-1: Ball 2-1: Ball 3-1: Base on Balls
|
Batting: LHB William Gonzales
|
0-0: Ball 1-0: Ball 2-0: Ball 3-0: Base on Balls Chris Skaff to third Jose Zuniga to second
|
Pitching: LHP Joey Callanta
|
|
Batting: RHB Victor Ramirez
|
0-0: Called Strike 0-1: Foul Ball, location: 2F 0-2: Ball 1-2: Fly out, F3 (Popup, 34S, EV 80.6 MPH)
|
Batting: RHB Ricky Ramirez
|
0-0: Ball 1-0: Ball 2-0: Called Strike 2-1: Foul Ball, location: 2F 2-2: Foul Ball, location: 2F 2-2: Strikes out swinging
|
Top of the 8th over - 1 run, 1 hit, 0 errors, 3 left on base; Victoria 9 - Houston 1 |
BOTTOM OF THE 8TH |
Houston Colt .45's batting - Pitching for Victoria Capitals : RHP Devon Washington
|
Pitching: RHP Mario Mata
|
|
Now in CF: Raghnall Ahearne
|
|
Batting: RHB Daniel Pena
|
0-0: Swinging Strike 0-1: Called Strike 0-2: Strikes out swinging
|
Batting: LHB Bruce Arvizu
|
0-0: Ball 1-0: Called Strike 1-1: Ball 2-1: Ball 3-1: Fly out, F4 (Popup, 34D, EV 65.6 MPH)
|
Batting: RHB Jason Monico
|
0-0: Ball 1-0: Ball 2-0: SINGLE (Groundball, 56D, EV 101.9 MPH)
|
Batting: RHB Jarno van Lente
|
0-0: Swinging Strike 0-1: Swinging Strike 0-2: Foul Ball, location: 2F 0-2: Foul Ball, location: 2F 0-2: Ball 1-2: Ball 2-2: Strikes out looking
|
Bottom of the 8th over - 0 runs, 1 hit, 0 errors, 1 left on base; Victoria 9 - Houston 1 |
TOP OF THE 9TH |
Victoria Capitals batting - Pitching for Houston Colt .45's : LHP Joey Callanta
|
Batting: RHB Eddie Luna
|
0-0: Swinging Strike 0-1: Ground out 6-3 (Groundball, 56, EV 99.4 MPH)
|
Batting: RHB Ziven Badersky
|
0-0: Foul Ball, location: 2F 0-1: Foul Ball, location: 2F 0-2: Foul Ball, location: 2F 0-2: Ball 1-2: Foul Ball, location: 2F 1-2: Foul Ball, location: 2F 1-2: Strikes out swinging
|
Batting: SHB Raghnall Ahearne
|
0-0: Called Strike 0-1: SOLO HOME RUN (Flyball, 7LD, EV 95.6 MPH), Distance : 344 ft
|
Batting: LHB Chris Jackson
|
0-0: Ball 1-0: Swinging Strike 1-1: Ball 2-1: Ball 3-1: Base on Balls
|
Batting: RHB Chris Skaff
|
0-0: Ball 1-0: Ball 2-0: Called Strike 2-1: Ball 3-1: Base on Balls Chris Jackson to second
|
Batting: RHB Jose Zuniga
|
0-0: Ball 1-0: Ball 2-0: Ball 3-0: Called Strike 3-1: Swinging Strike 3-2: Strikes out swinging
|
Top of the 9th over - 1 run, 1 hit, 0 errors, 2 left on base; Victoria 10 - Houston 1 |
BOTTOM OF THE 9TH |
Houston Colt .45's batting - Pitching for Victoria Capitals : RHP Mario Mata
|
Batting: LHB Bob Govella
|
0-0: Ball 1-0: Hit by Pitch
|
Batting: SHB Terciero Ortiz
|
0-0: Ball 1-0: SINGLE (Line Drive, 34D, EV 98.1 MPH) Bob Govella to second
|
Batting: RHB John Moore
|
0-0: Ball 1-0: Called Strike 1-1: Ball 2-1: Called Strike 2-2: Strikes out swinging
|
Batting: RHB Patrick Pinault
|
0-0: Foul Ball, location: 2F 0-1: Called Strike 0-2: Strikes out looking
|
Batting: LHB Ryan Fridley
|
0-0: Foul Ball, location: 2F 0-1: Called Strike 0-2: Ball 1-2: Ball 2-2: Ball 3-2: Fly out, F8 (Flyball, 8RS, EV 75.6 MPH)
|
Bottom of the 9th over - 0 runs, 1 hit, 0 errors, 2 left on base; Victoria 10 - Houston 1 |
|